 Dungeon Crawl Stone Soup version 0.32-a0-918-g0f22ef8d61 (webtiles) character file.

Game seed: 1260113366308076204

1576 Autsider the Thaumaturge (level 8, -2/65 HPs)
             Began as a Mummy Necromancer on Apr 10, 2024.
             Slain by an unseen horror (6 damage)
             ... on level 7 of the Dungeon.
             The game lasted 00:22:38 (7252 turns).

Autsider the Thaumaturge (Mummy Necromancer)        Turns: 7252, Time: 00:22:38

Health: -2/65      AC:  9    Str: 11    XL:     8   Next: 60%
Magic:  21/21      EV:  9    Int: 17    God:
Gold:   371        SH:  5    Dex: 18    Spells: 22/26 levels left

rFire   x . .        t - +1 whip (venom)
rCold   + + .        (no shield)
rNeg    + + +        o - +1 ring mail of the Thunderstorm {rCorr Dex+3}
rPois   ∞            (no helmet)
rElec   .            h - +0 cloak
rCorr   +            j - +0 pair of gloves
SInv    .            q - +0 pair of boots
Will    +....        s - amulet of reflection
Stlth   +            v - ring of the Hurtling Gods {rC+ rN+ Dex+3}
HPRegen 0.30/turn    (no ring)
MPRegen 0.17/turn

%: reflection, faith
@: no status effects
A: cold resistance 1, negative energy resistance 3, torment resistance 2, heat
vulnerability 1, in touch with death 1, no potions, faith
a: no special abilities


You were on level 7 of the Dungeon.
You visited 1 branch of the dungeon, and saw 8 of its levels.

You collected 371 gold pieces.

Inventory:

Hand Weapons
 e - a +0 sling
 l - a +1 dagger of protection
 n - a +2 dagger of speed
 r - a +0 halberd of venom
 t - a +1 whip of venom (weapon)
Missiles
 u - a throwing net
Armour
 h - a +0 cloak (worn)
 j - a +0 pair of gloves (worn)
 k - a +2 robe of fire resistance
 o - the +1 ring mail of the Thunderstorm (worn) {rCorr Dex+3}
   (You found it on level 4 of the Dungeon)

   Dex+3:     It affects your dexterity (+3).
   rCorr:     It protects you from acid and corrosion.
 q - a +0 pair of boots (worn)
Jewellery
 s - an amulet of reflection (around neck)
 v - the ring of the Hurtling Gods (left hand) {rC+ rN+ Dex+3}
   (You found it on level 7 of the Dungeon)

   [ring of protection from cold]

   Dex+3:     It affects your dexterity (+3).
   rC+:       It protects you from cold.
   rN+:       It protects you from negative energy.
Scrolls
 a - 2 scrolls of brand weapon {unknown}
 b - a scroll of blinking {unknown}
 c - 5 scrolls of teleportation
 d - a scroll of poison
 f - 4 scrolls of identify {@r1}
 g - 2 scrolls of immolation {unknown}
 i - a scroll of enchant armour {unknown}
 m - a scroll of fog {unknown}
 p - a scroll of torment {unknown}
 w - a scroll of amnesia {unknown}


   Skills:
 + Level 6.5 Fighting
 - Level 1.5 Dodging
 - Level 1.5 Stealth
 + Level 9.8 Spellcasting
 + Level 5.1 Necromancy


You had 22 spell levels left.
You knew the following spells:

 Your Spells              Type           Power      Damage    Failure   Level
a - Necrotise             Necr           100%       1d9       2%          1
b - Vampiric Draining     Necr           38%        2d8       8%          3

Your spell library contained the following spells:

 Spells                   Type           Power      Damage    Failure   Level
 Animate Dead             Necr           38%        N/A       26%         4
 Curse of Agony           Necr           38%        N/A       56%         5


Dungeon Overview and Level Annotations

Branches:
Dungeon (8/15)
 Temple: D:4-7         Lair: D:8-11

Altars:
Nemelex Xobeh
Qazlal
Wu Jian

Shops:
D:5 (

Annotations:
D:1 exclusion: downstairs
D:2 Sigmund
D:3 2 transporters, nuthulu's ghost, amateur MiFi
D:5 exclusion: downstairs
D:8 1 runed translucent door, Konar's ghost, novice CoHu


Innate Abilities, Weirdness & Mutations

You are immune to poison.
Your flesh is cold resistant. (rC+)
You are immune to negative energy. (rN+++)
You are immune to unholy pain and torment.
You are vulnerable to heat. (rF-)
You are in touch with the powers of death.
You do not drink.
You have a special connection with the divine. (Faith)


Message History

HP restored.
You start resting.
Magic restored.
You now have 352 gold pieces (gained 11).
Things that are here:
a +0 quarterstaff; a +0 ring mail
Things that are here:
a +0 dagger; a +2 robe of willpower
Found a dagger.
You now have 371 gold pieces (gained 19).
You see here a +0 dagger.
Found a falchion.
There is a strange disturbance nearby!
Deactivating autopickup; reactivate with Ctrl-A.
You whack something! Something hits you. Something hits you but does no damage.
You miss something. Something hits you but does no damage. Something hits you.
Something hits you but does no damage. Something hits you.
You completely miss something. Something hits you.
Something hits you but does no damage. Something hits you.
You barely miss something. Something hits you.
Something hits you but does no damage. Something hits you but does no damage.
Something hits you. Something hits you!
* * * LOW HITPOINT WARNING * * *
Something hits you but does no damage. Something hits you but does no damage.
Something hits you.
* * * LOW HITPOINT WARNING * * *
Something hits you!
* * * LOW HITPOINT WARNING * * *
Something hits you!
* * * LOW HITPOINT WARNING * * *
Something hits you but does no damage. Something hits you!
* * * LOW HITPOINT WARNING * * *
Something hits you.
* * * LOW HITPOINT WARNING * * *
Something hits you.
You die...

##........#...............#
#........##..............## #
###........#................ ##.
#...........................
#...#..###......##........^.....
.. #............#...............
...#....##......##......#.......
.....##..#...##......#.##.......
............###@##.%##..........
.............# #.##.....#........
............####..###..###.......
..#.........##...##...## ##...!..
........#.......##..#####<......
........##.........####.....#.##
#........#................###)..
##..................#.....##....
.....?....##.................#..


There were no monsters in sight!

Vanquished Creatures
  A wyvern (D:6)
  Duvessa (D:6)
  A sky beast (D:7)
  An ice beast (D:5)
  A kobold brigand (D:5)
  3 bullfrogs
  A scorpion (D:5)
  Dowan (D:6)
  A jelly (D:4)
  2 bombardier beetles
  2 gnoll boudas
  A sleepcap (D:5)
  A hound (D:5)
  3 orc priests
  3 iguanas
  5 orc wizards
  11 gnolls
  5 adders
  4 ufetubi
  A dart slug (D:2)
  3 ribbon worms (D:2)
  15 orcs
  11 endoplasms
  2 giant cockroaches
  5 goblins
  8 hobgoblins
  2 jackals (D:1)
  6 kobolds
  5 quokkas
  3 ball pythons
  3 bats
  3 frilled lizards
  5 rats
120 creatures vanquished.

Vanquished Creatures (collateral kills)
  A ball python (D:2)
  2 endoplasms (D:2)
  A rat (D:3)
4 creatures vanquished.

Grand Total: 124 creatures vanquished

Notes
Turn   | Place    | Note
-------+----------+-------------------------------------------
     0 | D:1      | Autsider the Mummy Necromancer began the quest for the Orb.
     0 | D:1      | Reached XP level 1. HP: 13/13 MP: 4/4
    31 | D:1      | Reached skill level 3 in Spellcasting
   240 | D:1      | Reached XP level 2. HP: 19/19 MP: 2/6
   494 | D:2      | Reached skill level 4 in Spellcasting
   803 | D:2      | Reached XP level 3. HP: 23/24 MP: 5/8
   870 | D:2      | Found a sparkling altar of Nemelex Xobeh.
  1445 | D:2      | Noticed Sigmund
  1595 | D:2      | Reached skill level 5 in Spellcasting
  1892 | D:2      | Learned a level 3 spell: Vampiric Draining
  2188 | D:3      | Reached XP level 4. HP: 30/30 MP: 0/11
  2419 | D:3      | Noticed an ogre
  2420 | D:3      | Noticed nuthulu's ghost (amateur MiFi)
  2434 | D:3      | Found a transporter.
  2485 | D:3      | Found a transporter.
  2992 | D:4      | Reached skill level 1 in Fighting
  2992 | D:4      | Reached skill level 6 in Spellcasting
  3126 | D:4      | Reached XP level 5. HP: 37/37 MP: 13/13
  3353 | D:4      | Identified the +1 ring mail of the Thunderstorm {rCorr
                  | Dex+3}
  3623 | D:4      | Reached XP level 6. HP: 46/46 MP: 7/15
  3765 | D:4      | Found an ornate altar of the Wu Jian Council.
  3995 | D:5      | Entered Level 5 of the Dungeon
  4252 | D:5      | Reached skill level 7 in Spellcasting
  4314 | D:5      | Found a stormy altar of Qazlal.
  4829 | D:5      | Noticed an ice beast
  4879 | D:5      | Killed an ice beast
  4880 | D:5      | Reached XP level 7. HP: 44/53 MP: 4/18
  5356 | D:5      | Found Uthrihy's Weapon Shop.
  5386 | D:5      | Reached skill level 5 in Necromancy
  5441 | D:6      | Reached skill level 8 in Spellcasting
  5541 | D:6      | Noticed a wyvern
  5547 | D:6      | Killed a wyvern
  5548 | D:6      | Reached skill level 5 in Fighting
  5679 | D:6      | Noticed Duvessa
  5686 | D:6      | Noticed Dowan
  5701 | D:6      | Killed Duvessa
  5702 | D:6      | Reached XP level 8. HP: 50/62 MP: 4/20
  5745 | D:6      | Killed Dowan
  6033 | D:6      | Reached skill level 9 in Spellcasting
  6899 | D:8      | Found a runed translucent door.
  6900 | D:8      | Noticed Konar's ghost (novice CoHu)
  6978 | D:7      | Identified the ring of the Hurtling Gods {rC+ rN+ Dex+3}
  7252 | D:7      | Slain by an unseen horror

Illustrated notes

Levels and vault maps discovered:
D:1:      dpeg_arrival_orchard, layout_rooms
D:2:      minmay_angry_zag, layout_basic, basic_altar, guppyfry_early_orc_mine,
          uniq_sigmund
D:3:      layout_rooms, gammafunk_ghost_arena, lemuel_flame_loot_1
D:4:      layout_loops_ring, nzn_wu_jian_contemplation,
          kennysheep_pointless_box, kennysheep_generic_room_9
D:5:      layout_loops_ring, overflow_temple_1_default, serial_shops, shop
D:6:      layout_loops_ring, uniq_duvessa
D:7:      layout_cave_pools, minmay_temple_entry_nine_rooms
D:8:      layout_loops_cross, trog_three_pillars_becter, gammafunk_ghost_grave

Skill      XL: |  1  2  3  4  5  6  7  8 |
---------------+-------------------------+-----
Spellcasting   | 3 4 5 6 7 8 9 |  9.8
Fighting       | 1 2 3 5 6 |  6.5
Necromancy     | 5 |  5.1
Dodging        | |  1.5
Stealth        | |  1.5

Action                     |  1- 3 |  4- 6 |  7- 9 || total
---------------------------+-------+-------+-------++-------
  Melee: Unarmed           |     5 |       |       ||     5
         Whip              |       |       |    16 ||    16
   Fire: Sling             |    57 |   164 |    88 ||   309
   Cast: Necrotise         |    67 |    22 |       ||    89
         Vampiric Draining |     4 |    33 |    47 ||    84
    Use: Scroll            |       |     3 |     1 ||     4
 Armour: Robe              |    29 |   133 |    76 ||   238
         Ring mail         |       |       |    48 ||    48
  Dodge: Dodged            |    22 |   129 |    69 ||   220
  Block: Other             |       |       |    14 ||    14

Table legend: (Time is in decaauts)
 A = Elapsed time spent in this place.
 B = Non-inter-level travel time spent in this place.
 C = Inter-level travel time spent in this place.
 D = Time resting spent in this place.
 E = Time spent auto-exploring this place.
 F = Levels seen in this place.
 G = Mean time per level.
                   A        B        C        D        E       F      G
               +--------+--------+--------+--------+--------+-----+--------+
         Total |   7377 |   7166 |    211 |    863 |   4773 |   8 |  922.1 |
       Dungeon |   7377 |   7166 |    211 |    863 |   4773 |   8 |  922.1 |
               +--------+--------+--------+--------+--------+-----+--------+

Top non-repeatable levels by time:
     D:2: 1529 daAuts
     D:4: 1442 daAuts
     D:5: 1327 daAuts
     D:6: 979 daAuts
     D:3: 963 daAuts
     D:7: 532 daAuts
     D:1: 502 daAuts
     D:8: 101 daAuts
